 Dungeon Crawl Stone Soup version 0.24.0-123-gd5b16e6ec5 (webtiles) character file.

Game seed: 13321624617065666279, levelgen mode: deterministic

74 FishyPogo the Charmwright (level 4, -5/27 HPs)
             Began as a Deep Elf Skald on Jan 2, 2020.
             Slain by a gnoll
             ... wielding a +0 whip
              (9 damage)
             ... on level 3 of the Dungeon.
             The game lasted 00:06:33 (1919 turns).

FishyPogo the Charmwright (Deep Elf Skald)          Turns: 1919, Time: 00:06:34

Health: -5/27      AC:  3    Str:  8    XL:     4   Next: 10%
Magic:  2/10       EV: 13    Int: 18    God:
Gold:   86         SH:  0    Dex: 15    Spells: 1/9 levels left

rFire    . . .     SeeInvis +   a - +0 short sword
rCold    . . .     Gourm    .   (no shield)
rNeg     . . .     Faith    .   b - +0 leather armour
rPois    .         Spirit   .   (no helmet)
rElec    .         Reflect  .   (no cloak)
rCorr    .         Harm     .   (no gloves)
MR       .....                  (no boots)
Stlth    +.........             (no amulet)
HPRegen  0.09/turn              n - ring of see invisible
MPRegen  0.12/turn              (no ring)

@: infused, singing
A: no striking features
a: no special abilities


You were on level 3 of the Dungeon.
You were very hungry.

You visited 1 branch of the dungeon, and saw 3 of its levels.

You collected 86 gold pieces.

Inventory:

Hand Weapons
 a - a +0 short sword (weapon)
Missiles
 e - 69 stones (quivered)
Armour
 b - a +0 leather armour (worn)
Jewellery
 n - a ring of see invisible (left hand)
Scrolls
 c - 2 scrolls of fear {unknown}
 i - a scroll of teleportation {unknown}
 j - 2 scrolls of identify
 k - a scroll of enchant weapon {unknown}
 l - a scroll of amnesia {unknown}
 m - a scroll of noise {unknown}
Potions
 f - a potion of haste
 g - 2 potions of curing {unknown}
 h - a potion of might {unknown}
 o - a potion of mutation {unknown}
Comestibles
 d - 4 rations


   Skills:
 * Level 2.5 Fighting
 + Level 2.5 Short Blades
 + Level 1.3 Armour
 - Level 3.0 Dodging
 - Level 3.0 Spellcasting
 - Level 5.0 Charms


You had one spell level left.
You knew the following spells:

 Your Spells              Type           Power        Failure   Level  Hunger
h - Regeneration          Chrm/Necr      ##........   24%         3    ###....
p - Shroud of Golubria    Chrm/Tloc      ##....       12%         2    ##.....
u - Song of Slaying       Chrm           ###.....     4%          2    ##.....
y - Infusion              Chrm           ###.         3%          1    None

Your spell library contained the following spells:

 Spells                   Type           Power        Failure   Level  Hunger
 Spectral Weapon          Hex/Chrm       ##......     24%         3    ###....


Dungeon Overview and Level Annotations

Branches:
Dungeon (3/15)

Altars:


Message History

The gnoll hits you with a +0 spear.
Your shroud falls apart!
There is an open door here.
Things that are here:
a +0 club; a hobgoblin corpse; a quokka corpse You hit the gnoll.
The gnoll is heavily wounded.
The gnoll misses you.
The gnoll hits you from afar with a +0 halberd!
You barely miss the gnoll.
The gnoll is heavily wounded.
The gnoll completely misses you. The gnoll hits you with a +0 spear.
* * * LOW HITPOINT WARNING * * *
The gnoll barely misses you. The gnoll closely misses you.
As you read the scroll labeled VIVVAN CEIHA, it crumbles to dust.
It is a scroll of identify.
f - a potion of haste The gnoll hits you with a +0 whip!
You die...

.......
.......
.......
.......###
.....g.)<#
.......#g#
.......+g#
.......#g#
#+######@#
#.# #.#
#.# #.#
###


You could see 3 gnolls.

Vanquished Creatures
  2 adders (D:2)
  3 worms (D:2)
  3 dart slugs
  A leopard gecko (D:1)
  2 giant cockroaches
  3 goblins
  4 hobgoblins
  5 kobolds
  2 quokkas (D:3)
  8 bats
  7 rats
40 creatures vanquished.

Notes
Turn   | Place    | Note
-------+----------+-------------------------------------------
     0 | D:1      | FishyPogo the Deep Elf Skald began the quest for the Orb.
     0 | D:1      | Reached XP level 1. HP: 12/12 MP: 6/6
   238 | D:1      | Reached skill level 1 in Armour
   238 | D:1      | Reached XP level 2. HP: 17/17 MP: 1/8
   242 | D:1      | Learned a level 2 spell: Song of Slaying
   245 | D:1      | Learned a level 2 spell: Shroud of Golubria
  1018 | D:2      | Reached XP level 3. HP: 20/21 MP: 9/9
  1030 | D:2      | Learned a level 3 spell: Regeneration
  1441 | D:2      | Reached skill level 5 in Charms
  1704 | D:2      | Reached XP level 4. HP: 27/27 MP: 3/10
  1919 | D:3      | Slain by a gnoll

Levels and vault maps discovered:
D:1:      dpeg_arrival_ternary, layout_basic, serial_forest,
          infiniplex_forest_fountain, infiniplex_forest_lined_1,
          infiniplex_forest_fountain, infiniplex_forest_zigzag_1,
          infiniplex_forest_straight_5, infiniplex_forest_end_1,
          infiniplex_forest_lined_2, infiniplex_forest_clump_medium,
          infiniplex_forest_clump_small, hex_intersection
D:2:      layout_loops_ring, kennysheep_donut, minmay_misc_feat_tiny
D:3:      layout_basic, kennysheep_jessica_study, uniq_jessica

Skill      XL: |  1  2  3 |
---------------+----------+-----
Armour         | 1 |  1.3
Fighting       | 2 |  2.5
Dodging        | 3 |  3.0
Charms         | 5 |  5.0
Short Blades   | |  2.5
Spellcasting   | |  3.0

Action                   |  1- 3 |  4- 6 || total
-------------------------+-------+-------++-------
Melee: Short sword       |   171 |    16 ||   187
Throw: Stone             |     2 |       ||     2
 Cast: Infusion          |     6 |     1 ||     7
       Shroud of Golubri |    20 |     1 ||    21
       Regeneration      |     3 |       ||     3
       Song of Slaying   |       |     1 ||     1
  Use: Scroll            |       |     1 ||     1
  Eat: Chunk             |     4 |       ||     4
Armor: Leather armour    |    41 |     1 ||    42
Dodge: Dodged            |   108 |    13 ||   121
